montu, chaotic male human Wizard -------- |.......# #|......| ------- #.......| |.....| + #----.--- #......| ### ## # ` |.....| # # # ### |.....| ### # # ## ##......+#### # # ### #----- # |.....|###### ------.--# # ###|....####### -------# ### |.....^*|# ## # |...|################ a |.......|# --.--------- ### |...|# #@ |.{.....|# |...........########...{|* |.......|# |..........| ### |...|# |....>...# |..........| # |...|# --------- |.....^.*...## -----# ------------############## montu the Thaumaturge Experience level: 7 Strength: 8 Dexterity: 14 Constitution: 15 Intelligence: 18 Wisdom: 10 Charisma: 12 Health: 0(75) Energy: 37(60) Def: 3 Gold: 580 Moves: 3971 Dungeon seed: SV1u2WIVdC37b8qO Game ID: montu_1705342628 Your Inventory: Coins $ - 580 gold pieces Weapons a - a blessed +1 quarterstaff G - an uncursed +0 orcish dagger of fire (weapon in hand) R - 6 uncursed +0 thirsty poisoned orcish arrows of fire and lightning Armor e - a blessed +0 cloak of magic resistance (being worn) q - a blessed +1 cloak of protection r - an uncursed +0 leather jacket (being worn) y - an uncursed +0 pair of elven boots (being worn) z - an uncursed +0 pair of low boots N - an uncursed +0 pair of water walking boots Scrolls v - an uncursed scroll of confuse monster x - a cursed scroll of identify J - an uncursed scroll of earth Spellbooks D - a blessed spellbook of create familiar Potions u - an uncursed potion of invisibility A - 2 uncursed potions of gain ability E - an uncursed potion of booze H - an uncursed potion of extra healing I - an uncursed potion of healing L - a cursed potion of healing M - an uncursed potion of wonder Rings F - an uncursed ring of see invisible Q - an uncursed ring of warning Wands b - an uncursed wand of striking (0:0) O - an uncursed wand of summoning (0:3) P - an uncursed wand of sleep (0:7) Tools h - an uncursed blindfold i - an uncursed towel k - an uncursed lock pick l - an uncursed figurine of a sewer rat C - 7 uncursed tallow candles (0:200) Gems n - an uncursed worthless piece of blue glass S - an uncursed worthless piece of yellow glass Y - an uncursed worthless piece of white glass Spells and supernatural/magical abilities: Name Level Category Cost Memory a - force bolt 1 attack 5pw 94% i - invisibility 4 escape 50pw 99% k - knock 1 matter 12pw 94% m - magic missile 2 attack 10pw 94% A - create familiar 3 clerical 37pw 94% D - drain life 2 attack 10pw 96% W - pray for help -- divine ? -- Your skills at the end: Fighting Skills wands [Basic] Weapon Skills quarterstaff [Basic] Spellcasting Skills attack spells [Expert] enchantment spells [Basic] Final Attributes: You were stridently aligned. You were poison resistant. You were magic resistant. You were stealthy. You could teleport. You last prayed 71 turns ago. Anhur was noncommittal. You are dead. Vanquished creatures: 10 leprechauns 8 Uruk-hai an orc shaman a pony a fog cloud 2 shriekers a gnome lord a ghoul a straw golem 6 giant ants a floating eye 5 hill orcs 6 rothes 3 giant bats a wererat 3 acid blobs 3 coyotes a gas spore 6 manes a hobgoblin 3 brown molds a yellow mold a gnome zombie 4 geckos 8 jackals 4 foxes a goblin 2 sewer rats 9 grid bugs 3 lichens 11 newts 109 creatures vanquished. Voluntary challenges: You used a wielded weapon 95 times, starting on turn 427. You read items or engraved 28 times, starting on turn 1434. You never genocided any monsters. You never polymorphed an object. You never changed form. You used no wishes. You never split a pudding. You wrote Elbereth's name 10 times, starting on turn 1870. You violated your moral code, losing 116 points of alignment, starting on turn 3141. Dungeon overview: The Dungeons of Doom: levels 1 to 7 Level 1 a long staircase Level 2 some altars to Thoth and Anhur, a fountain Level 3 an armor shop, an altar to Anhur a long staircase Level 4 Level 5 a fountain Level 6 many fountains Level 7 <- You were here some fountains History has recorded: On T:1 you entered the Dungeons of Doom to retrieve the Amulet of Yendor! On T:376 you reached level 2 of The Dungeons of Doom. On T:788 you advanced to experience level 2. On T:957 you advanced to experience level 3. On T:985 you reached level 3 of The Dungeons of Doom. On T:1381 you advanced to experience level 4. On T:1456 you reached level 4 of The Dungeons of Doom. On T:1849 you advanced to experience level 5. On T:2377 you reached level 5 of The Dungeons of Doom. On T:2673 you advanced to experience level 6. On T:3108 you reached level 6 of The Dungeons of Doom. On T:3381 you reached level 7 of The Dungeons of Doom. On T:3535 you advanced to experience level 7. Score breakdown: Gold: 580 ( 9402 points) Experience: 7 levels (13645 points) Exploration: 7 levels ( 13.21%) (10190 points) Discoveries: 5 items ( 1.68%) ( 3885 points) Valuables value: (no points given unless you survive) Artifact value: 0 ( 0 points) Variety of kills: 31 monsters ( 8.16%) ( 8568 points) Turncount: 3971 turns (-1014 points) Survival: died (score multiplied by 80%) Total score: 35740 Latest messages: The leprechaun is killed! The leprechaun picks up 580 gold pieces from the floor. The force bolt hits the leprechaun! The force bolt hits the leprechaun! The leprechaun resists! The force bolt hits the leprechaun! The leprechaun is killed! $ - 580 gold pieces. You see here a candy bar. You write in the dust with your fingers. This candy bar is delicious! You finish eating the candy bar. There are a few objects here. The soldier ant bites! The soldier ant stings! The soldier ant's sting was poisoned! The soldier ant bites! You die... Final status: Goodbye montu the Wizard, killed by a soldier ant... You died in The Dungeons of Doom on dungeon level 7 with 35740 points, and 580 pieces of gold, after 3971 moves. You were level 7 with a maximum of 75 hit points when you died.